 Dungeon Crawl Stone Soup version 0.19.1-1-g22dce08 (webtiles) character file.

239 galech the Ruffian (level 5, -3/50 HPs)
             Began as a Troll Fighter on Jan 17, 2017.
             Was a Follower of Nemelex Xobeh.
             Slain by a water moccasin (6 damage)
             ... on level 5 of the Dungeon.
             The game lasted 00:06:48 (2584 turns).

galech the Ruffian (Troll Fighter)                  Turns: 2584, Time: 00:06:49

Health: -3/50      AC:  6    Str: 24    XL:     5   Next: 79%
Magic:  4/4        EV:  7    Int:  4    God:    Nemelex Xobeh [*.....]
Gold:   201        SH: 14    Dex: 10    Spells: 0 memorised, 4 levels left

rFire  . . .     SeeInvis .       - Unarmed
rCold  . . .     Gourm    +     a - +0 robe
rNeg   . . .     Faith    .     G - +0 large shield
rPois  .         Spirit   .     (helmet restricted)
rElec  .         Reflect  .     j - +0 cloak
rCorr  .         Harm     .     (gloves unavailable)
MR     .....                    (boots unavailable)
Stlth  +.........               (no amulet)
                                (no ring)
                                (no ring)

@: lethally poisoned (-3 -> -4)
A: unfitting armour, claws 3, fast metabolism 3, gourmand, regeneration 1,
shaggy fur 1, tough skin 2
a: Renounce Religion


You were on level 5 of the Dungeon.
You worshipped Nemelex Xobeh.
Nemelex Xobeh was aware of your devotion.
You were very full.

You visited 1 branch of the dungeon, and saw 5 of its levels.

You collected 201 gold pieces.

Inventory:

Armour
 a - a +0 robe (worn)
 j - a +0 cloak (worn)
 G - a +0 large shield (worn)
Wands
 w - a wand of acid (2/15)
Scrolls
 e - 2 scrolls of teleportation {unknown}
 f - a scroll of remove curse {unknown}
 h - 2 scrolls of immolation {unknown}
 l - a scroll of enchant weapon {unknown}
 n - 2 scrolls of fog {unknown}
 z - a scroll of recharging {unknown}
 A - 2 scrolls of random uselessness {unknown}
 B - 2 scrolls of identify {unknown}
 C - a scroll of magic mapping {unknown}
 E - 2 scrolls of blinking {unknown}
Potions
 c - a potion of might
 g - a potion of curing {unknown}
 i - a potion of berserk rage {unknown}
 m - 2 potions of flight {unknown}
 o - 2 potions of lignification {unknown}
 p - a potion of cure mutation {unknown}
 q - a potion of magic {unknown}
 r - a potion of heal wounds {unknown}
 v - 2 potions of agility {unknown}
 D - 2 potions of invisibility {unknown}
Books
 F - a book of Changes

   Spells                             Type                      Level
   a - Beastly Appendage              Transmutation                1
   b - Sticks to Snakes               Transmutation                2
   c - Spider Form                    Transmutation/Poison         3
   d - Ice Form                       Ice/Transmutation            4
   e - Blade Hands                    Transmutation                5
Miscellaneous
 x - a plain deck of escape
 y - a plain deck of summoning
Comestibles
 d - 6 bread rations
 k - 4 fruits
 s - a meat ration
 t - 2 chunks of flesh
 u - a slice of pizza


   Skills:
 + Level 2.7 Fighting
 + Level 3.3 Dodging
 + Level 0.8 Stealth
 + Level 3.5 Shields
 + Level 3.8 Unarmed Combat


You had 4 spell levels left.
You didn't know any spells.

Dungeon Overview and Level Annotations

Branches:
Dungeon (5/15)
 Temple: D:4-7

Altars:
Nemelex Xobeh

Shops:
D:4 *


Innate Abilities, Weirdness & Mutations

You are too large for most types of armour.
You have claws for hands.
Your metabolism is lightning-fast.
You like to eat raw meat.
Your natural rate of healing is unusually fast.
You are covered in fur. (AC +1)
You have very tough skin. (AC +2)


Message History

You feel sick.
You feel sick. You block the water moccasin's attack.
You feel sick.
You feel sick.
You feel sick. The water moccasin bites you.
* * * LOW HITPOINT WARNING * * *
You feel sick.
You feel sick. The water moccasin barely misses you.
You feel sick.
There is a stone staircase leading down here.
You feel sick.
You block the water moccasin's attack. x2
You climb downwards.
Found 14 gold pieces.
There is a stone staircase leading up here.
You feel sick.
You block the water moccasin's attack. x2
The water moccasin barely misses you.
You feel sick. The water moccasin bites you.
You die...
Your body disappears without a glow.

######
..... #...
#.$# #..#
#<.# #..#
#SS# #.@#
#........#
####.#####
.# #


You could see 2 water moccasins.

Vanquished Creatures
  2 orc wizards (D:3)
  2 worker ants (D:4)
  4 adders
  An ooze (D:2)
  2 worms (D:3)
  3 dart slugs
  2 leopard geckos
  3 orcs (D:3)
  A ball python (D:3)
  10 bats
  3 giant cockroaches
  6 hobgoblins
  4 jackals
  10 kobolds
  2 quokkas
  2 frilled lizards (D:2)
  7 goblins
  7 rats
71 creatures vanquished.

Vanquished Creatures (others)
  An orc wizard (D:3)
1 creature vanquished.

Grand Total: 72 creatures vanquished

Notes
Turn   | Place    | Note
-------+----------+-------------------------------------------
     0 | D:1      | galech the Troll Fighter began the quest for the Orb.
     0 | D:1      | Reached XP level 1. HP: 22/22 MP: 0/0
   200 | D:1      | Reached XP level 2. HP: 21/29 MP: 1/1
   955 | D:2      | Reached XP level 3. HP: 36/36 MP: 2/2
  1417 | D:2      | Reached XP level 4. HP: 44/44 MP: 3/3
  1582 | D:3      | Found a faded altar of an unknown god.
  1595 | D:3      | Became a worshipper of Nemelex Xobeh the Trickster
  1595 | D:3      | Received a gift from Nemelex Xobeh
  1595 | D:3      | Reached * piety under Nemelex Xobeh
  1595 | D:3      | Received a gift from Nemelex Xobeh
  1703 | D:3      | Reached XP level 5. HP: 28/50 MP: 4/4
  2551 | D:4      | Found Buwim's Serpentskin Sales.
  2551 | D:4      | Noticed a water moccasin
  2551 | D:4      | Noticed a water moccasin
  2563 | D:4      | Noticed an ogre
  2581 | D:5      | Entered Level 5 of the Dungeon
  2583 | D:5      | HP: 2/50 [poisoned by a water moccasin]
  2584 | D:5      | Slain by a water moccasin

Skill      XL: |  1  2  3  4 |
---------------+-------------+-----
Shields        | 3 |  3.5
Dodging        | 3 |  3.3
Unarmed Combat | 3 |  3.8
Fighting       | |  2.7
Stealth        | |  0.8

Action                   |  1- 3 |  4- 6 || total
-------------------------+-------+-------++-------
Melee: Unarmed           |   117 |   132 ||   249
 Stab: Sleeping          |     4 |     2 ||     6
  Eat: Chunk             |    19 |    10 ||    29
Armor: Robe              |    35 |    42 ||    77
Dodge: Dodged            |    33 |    33 ||    66
Block: Shield            |    50 |    33 ||    83
       Large shield      |       |    15 ||    15
